 Dungeon Crawl Stone Soup version 0.22-a0-40-g3d2f077 (webtiles) character file.

301 Lanoc the Slasher (level 6, 0/72 HPs)
             Began as a Demonspawn Monk on Jan 4, 2018.
             Succumbed to an adder's poison
             ... on level 3 of the Dungeon.
             The game lasted 00:04:39 (2351 turns).

Lanoc the Slasher (Demonspawn Monk)                 Turns: 2351, Time: 00:04:40

Health: 0/72       AC: 26    Str: 16    XL:     6   Next: 14%
Magic:  3/6        EV:  2    Int: 11    God:
Gold:   85         SH:  0    Dex: 18    Spells: 5/5 levels left

rFire    . . .     SeeInvis .   a - +0 falchion
rCold    . . .     Gourm    .   (no shield)
rNeg     + + +     Faith    .   (armour currently unavailable)
rPois    +         Spirit   +   (helmet currently unavailable)
rElec    .         Reflect  .   (cloak currently unavailable)
rCorr    .         Harm     .   (gloves currently unavailable)
MR       .....     NoTele   +   (boots currently unavailable)
Stlth    +++.......             (no amulet)
HPRegen  0.22/turn              r - +3 ring of protection
MPRegen  0.20/turn              (no ring)

@: mighty, lethally poisoned (0 -> -11), tree-form, hasted, very quick
A: magic shield, magic regeneration
a: no special abilities


You were on level 3 of the Dungeon.
You were hungry.
You were a tree.
You visited 1 branch of the dungeon, and saw 4 of its levels.

You collected 85 gold pieces.

Inventory:

Hand Weapons
 a - a +0 falchion (weapon)
Armour
 b - a +0 robe
 e - a +0 pair of gloves (melded)
 k - a +0 plate armour (melded)
 l - a scarf of resistance (melded)
Jewellery
 r - a +3 ring of protection (left branch)
Wands
 n - a wand of polymorph (13)
Scrolls
 d - 3 scrolls of immolation {unknown}
 f - 4 scrolls of teleportation
 i - a scroll of enchant armour {unknown}
 j - 2 scrolls of identify {unknown}
 m - a scroll of magic mapping {unknown}
 o - a scroll of blinking {unknown}
Potions
 g - a potion of flight
 p - a potion of haste
Comestibles
 c - 4 rations


   Skills:
 + Level 3.9 Fighting
 * Level 4.2 Long Blades
 + Level 2.0 Armour
 + Level 3.4 Dodging
 + Level 3.0 Stealth


You had 5 spell levels left.
You didn't know any spells.

Dungeon Overview and Level Annotations

Branches:
Dungeon (4/15)
 Temple: D:4-7

Altars:


Innate Abilities, Weirdness & Mutations

((You have sharp fingernails.))
When hurt, damage is shared between your health and your magic reserves.
You regenerate magic rapidly.


Message History

* * * LOW HITPOINT WARNING * * *
You feel sick. The adder bites you but does no damage.
It was a potion of haste.
You feel yourself speed up.
* * * LOW HITPOINT WARNING * * *
You feel sick.
The adder bites you but does no damage. x2
It was a potion of might.
You feel very mighty all of a sudden.
* * * LOW HITPOINT WARNING * * *
You feel sick.
You closely miss the adder.
The adder is severely wounded.
* * * LOW HITPOINT WARNING * * *
You feel sick. The adder bites you but does no damage.
You hit the adder.
You kill the adder!
* * * LOW HITPOINT WARNING * * *
You feel sick.
As you read the scroll labeled MERRAQ ROSYRPH, it crumbles to dust.
You feel a strange sense of stasis.
It was a scroll of teleportation.
You die...

# #.# # #################.##
# #..................#
#.#####.#########.## ### #.#
#)# #........# #.# #.# #.#
#.#####.## #.# #.# #.# #.#
#.#
######.###.#####.###.#####.##
................♣##.........#
######(###.#####.###†#####.##
#.##...............##.#
######.##..#####.###.##.##<#
.....................##.####
######.##..#####.######.#
............####.######.#
######.##...............#
#.##.#......######.#


There were no monsters in sight!

Vanquished Creatures
  The ghost of CasualChangeling the Bolt Thrower, an amateur KoHu (D:3)
  A howler monkey (D:3)
  Ijyb (D:3)
  Terence (D:3)
  A hound skeleton (D:4)
  4 adders
  2 oozes (D:1)
  A worm (D:3)
  2 dart slugs
  2 leopard geckos
  4 bats
  3 giant cockroaches
  3 goblins
  4 hobgoblins
  4 frilled lizards
  5 kobolds
  5 rats
44 creatures vanquished.

Notes
Turn   | Place    | Note
-------+----------+-------------------------------------------
     0 | D:1      | Lanoc the Demonspawn Monk began the quest for the Orb.
     0 | D:1      | Reached XP level 1. HP: 18/18 MP: 1/1
   125 | D:1      | Gained mutation: When hurt, damage is shared between your health and your magic reserves. [demonic ancestry]
   125 | D:1      | Reached XP level 2. HP: 20/24 MP: 2/2
   312 | D:1      | Reached skill level 3 in Long Blades
   654 | D:1      | Reached XP level 3. HP: 24/29 MP: 3/3
  1047 | D:2      | Reached skill level 1 in Armour
  1378 | D:3      | Noticed CasualChangeling's ghost (amateur KoHu)
  1401 | D:3      | HP: 1/29 [CasualChangeling's ghost (4)]
  1403 | D:3      | Killed CasualChangeling's ghost
  1403 | D:3      | Gained mutation: You regenerate magic rapidly. [demonic ancestry]
  1403 | D:3      | Reached XP level 4. HP: 1/36 MP: 1/4
  1403 | D:3      | Gained mutation: You have sharp fingernails. [demonic ancestry]
  1403 | D:3      | Reached XP level 5. HP: 1/41 MP: 1/5
  1707 | D:3      | Noticed Terence
  1738 | D:3      | Killed Terence
  1774 | D:3      | Reached skill level 4 in Long Blades
  1959 | D:3      | Noticed Ijyb
  1969 | D:3      | Killed Ijyb
  1969 | D:3      | Reached XP level 6. HP: 48/48 MP: 6/6
  2348 | D:3      | HP: 3/72 [poisoned by an adder]
  2350 | D:3      | HP: 1/72 [poisoned by an adder]
  2351 | D:3      | Succumbed to an adder's poison

Vault maps used:
D:1:      erik_arrival_blinker_ship
D:2:      first_ration, due_unseen_surprise
D:3:      uniq_ijyb, uniq_terence
D:4:      corexii_leaking_fountain, minmay_misc_feat_roman,
          hangedman_decor_points, st_stairs_11, uniq_duvessa, uniq_menkaure

Skill      XL: |  1  2  3  4  5 |
---------------+----------------+-----
Stealth        | 2 3 |  3.0
Long Blades    | 3 4 |  4.2
Armour         | 1 2 |  2.0
Dodging        | 3 |  3.4
Fighting       | |  3.9

Action                   |  1- 3 |  4- 6 || total
-------------------------+-------+-------++-------
Melee: Falchion          |   114 |   122 ||   236
       Unarmed           |       |     4 ||     4
  Use: Potion            |     1 |     4 ||     5
       Scroll            |       |     1 ||     1
 Stab: Sleeping          |     4 |       ||     4
       Distracted        |     1 |       ||     1
  Eat: Chunk             |     1 |     3 ||     4
Armor: Robe              |     6 |       ||     6
       Plate armour      |    89 |    96 ||   185
       Skin              |       |     4 ||     4
Dodge: Dodged            |    31 |    24 ||    55
       Rpst.: Falchion   |     6 |     7 ||    13

Table legend:
 A = Spawn XP
 B = Non-spawn XP
 C = Spawn XP percentage of total XP
 D = Spawn monster count
 E = Non-spawn monster count
 F = Spawn count percentage of total count
 G = Total turns spent on level
                    A         B        C        D         E        F      G
               +---------+---------+-------+---------+---------+-------+---------
         Total |       0 |     430 |   0.0 |       0 |      44 |   0.0 |  2351
               +---------+---------+-------+---------+---------+-------+---------
           D:1 |       0 |      42 |   0.0 |       0 |      18 |   0.0 |  1001
           D:2 |       0 |      31 |   0.0 |       0 |       4 |   0.0 |   328
           D:3 |       0 |     339 |   0.0 |       0 |      21 |   0.0 |   981
           D:4 |       0 |      18 |   0.0 |       0 |       1 |   0.0 |    41
               +---------+---------+-------+---------+---------+-------+---------
